 Dungeon Crawl Stone Soup version 0.30-a0-883-g5ad918d77d (webtiles) character file.

Game seed: 10523103918352271521

235 jasper the Cudgeller (level 5, -4/37 (38) HPs)
             Began as a Demonspawn Gladiator on Mar 15, 2023.
             Was a Believer of Uskayaw.
             Slain by a wight
             ... wielding a +5 long sword
              (10 damage)
             ... on level 6 of the Dungeon.
             The game lasted 00:04:56 (1979 turns).

jasper the Cudgeller (Demonspawn Gladiator)         Turns: 1979, Time: 00:04:57

HP:   -4/37 (38)    AC:  7    Str: 15    XL:     5   Next: 76%
MP:   5/5           EV: 11    Int:  9    God:    Uskayaw [**....]
Gold: 71            SH:  0    Dex: 16    Spells: 4/4 levels left

rFire   . . .      SeeInvis .    p - +0 whip
rCold   . . .      Faith    .    (no shield)
rNeg    . . .      Spirit   .    g - +0 ring mail
rPois   .          Reflect  .    (helmet unavailable)
rElec   .          Rampage  .    q - +0 cloak
rCorr   .                        h - +0 pair of gloves
Will    .....                    (no boots)
Stlth   +                        (no amulet)
HPRegen 0.26/turn                (no ring)
MPRegen 0.09/turn                (no ring)

@: mighty, lightly drained
A: horns 3
a: Renounce Religion, Stomp, Line Pass


You were on level 6 of the Dungeon.
You worshipped Uskayaw.
Uskayaw was noncommittal.
You visited 1 branch of the dungeon, and saw 5 of its levels.

You collected 71 gold pieces.

Inventory:

Hand Weapons
 a - a +0 flail
 p - a +0 whip (weapon)
 s - a +0 morningstar
Missiles
 d - 3 throwing nets
 e - a javelin
 l - 42 stones (quivered)
 m - 5 silver javelins
Armour
 b - a +0 leather armour
 c - a +0 helmet
 g - a +0 ring mail (worn)
 h - a +0 pair of gloves (worn)
 q - a +0 cloak (worn)
Scrolls
 f - 2 scrolls of blinking
 k - a scroll of immolation
 o - a scroll of identify
Potions
 i - 2 potions of curing
 r - a potion of haste {unknown}
 t - a potion of berserk rage {unknown}
 u - a potion of flight {unknown}
 v - a potion of lignification {unknown}


   Skills:
 - Level 2.0 Fighting
 + Level 6.0 Maces & Flails
 - Level 1.7 Throwing
 - Level 2.6 Dodging


You had 4 spell levels left.
You didn't know any spells.
Your spell library contained the following spells:

 Spells                   Type           Power      Damage    Failure   Level
 Magic Dart               Conj           0%         1d3       63%         1
 Slow                     Hex            0%         N/A       63%         1
 Call Imp                 Summ           0%         N/A       77%         2
 Confusing Touch          Hex            0%         N/A       94%         3
 Inner Flame              Hex/Fire       0%         N/A       94%         3
 Mephitic Cloud           Conj/Pois/Air  0%         N/A       94%         3
 Vampiric Draining        Necr           0%         2d6       94%         3
 Animate Dead             Necr           0%         N/A       100%        4
 Cause Fear               Hex            0%         N/A       100%        4
 Haunt                    Necr/Summ      0%         N/A       100%        7
 Discord                  Hex            0%         N/A       100%        8
 Infestation              Necr           0%         N/A       100%        8


Dungeon Overview and Level Annotations

Branches:
Dungeon (7/15)
 Temple: D:4-7

Altars:
Cheibriados
Qazlal
Ru
Uskayaw

Shops:
D:6 *


Innate Abilities, Weirdness & Mutations

You have a pair of large horns on your head.


Message History

Press: ? - help, v - describe, . - travel
Here: a wight, wielding a +1 dire flail and wearing a +0 robe The floor.
Unknown command.
You feel very mighty all of a sudden. The wight misses you.
You hit the wight. Your headbutt misses the wight.
The wight is moderately damaged.
You barely miss the wight.
The wight is moderately damaged.
The wight misses you.
You whack the wight!
The wight is almost destroyed.
The wight misses you.
You can now pass through a line of other dancers.
You whack the wight!
You destroy the wight!
You climb upwards.
The ufetubus barely misses you. The ufetubus closely misses you.
The wight hits you but does no damage.
The wight hits you with a +5 long sword!
You feel drained.
The ufetubus hits you but does no damage.
The ufetubus hits you.
There is a stone staircase leading down, spattered with blood here.
You take 13 damage, and have 25/37 hp.
MASSIVE DAMAGE!!
You closely miss the ufetubus. The ufetubus misses you.
The ufetubus barely misses you. The wight closely misses you. x2
You whack the ufetubus!
You kill the ufetubus!
The wight hits you with a +5 long sword!
The wight completely misses you.
Your life force feels restored.
Your Maces & Flails skill increases to level 6!
You take 10 damage, and have 15/38 hp.
MASSIVE DAMAGE!!
The wight hits you with a +3 hand axe!
* * * LOW HITPOINT WARNING * * *
You feel drained.
* * * LOW HITPOINT WARNING * * *
The wight hits you with a +5 long sword!
You die...

,,,,,,,....##..###........,*
*,
,,,,,,,........##.........,**
*,
**,,,,,,,,,,,#.z..........,,*
*,
**,,,,,,,,,*###..........,,*
*, ***,,,,,***
#.z.........,,* *, *******
#...........,** *<
#..#........,* *,
#..#........,* *,
#z@##.......,* **
#z##*##..###** * ### *###


You could see 4 wights.

Vanquished Creatures
  A wight (D:7)
  A hound (D:3)
  2 orc wizards (D:3)
  4 adders (D:2)
  An ufetubus (D:6)
  5 orcs (D:2)
  5 ball pythons
  7 endoplasms
  2 giant cockroaches
  2 goblins
  8 hobgoblins
  3 kobolds
  2 quokkas (D:3)
  7 bats
  4 frilled lizards
  4 rats
58 creatures vanquished.

Notes
Turn   | Place    | Note
-------+----------+-------------------------------------------
     0 | D:1      | jasper the Demonspawn Gladiator began the quest for the
                  | Orb.
     0 | D:1      | Reached XP level 1. HP: 16/16 MP: 1/1
   128 | D:1      | Reached skill level 3 in Maces & Flails
   308 | D:1      | Gained mutation: You have a pair of small horns on your
                  | head. [demonic ancestry]
   308 | D:1      | Reached XP level 2. HP: 21/22 MP: 2/2
   670 | D:2      | Reached XP level 3. HP: 27/27 MP: 3/3
   868 | D:2      | Reached skill level 4 in Maces & Flails
  1105 | D:2      | Gained mutation: You have a pair of horns on your head.
                  | [demonic ancestry]
  1105 | D:2      | Reached XP level 4. HP: 30/33 MP: 4/4
  1410 | D:3      | Found a sacrificial altar of Ru.
  1410 | D:3      | Found a hide-covered altar of Uskayaw.
  1416 | D:3      | Found a faded altar of an unknown god.
  1418 | D:3      | Became a worshipper of Uskayaw the Reveller
  1422 | D:3      | Found a stormy altar of Qazlal.
  1424 | D:3      | Found a snail-covered altar of Cheibriados.
  1487 | D:3      | Reached * piety under Uskayaw
  1489 | D:3      | Reached ** piety under Uskayaw
  1495 | D:3      | Reached skill level 5 in Maces & Flails
  1567 | D:3      | Gained mutation: You have a pair of large horns on your
                  | head. [demonic ancestry]
  1567 | D:3      | Reached XP level 5. HP: 26/38 MP: 5/5
  1952 | D:3      | You fall into a shaft and drop 3 floors!
  1959 | D:6      | Found Tamimixt's General Store.
  1979 | D:6      | Reached skill level 6 in Maces & Flails
  1979 | D:6      | Slain by a wight

Illustrated notes

Levels and vault maps discovered:
D:1:      eino_arrival_druids_welcome, layout_rooms, minmay_misc_feat_tower
D:2:      layout_rooms
D:3:      layout_rooms, elyvilon_altar_4, lemuel_zombie_altar_yredelemnul,
          chequers_temple_overflow_minitemple
D:6:      layout_cave_pods, serial_shops, nicolae_square_shop,
          kennysheep_path_1, uniq_blork_the_orc
D:7:      layout_basic, dreamdust_mushroom_princess, kennysheep_generic_room_12

Skill      XL: |  1  2  3  4  5 |
---------------+----------------+-----
Maces & Flails | 3 4 5 6 |  6.0
Fighting       | |  2.0
Throwing       | |  1.7
Dodging        | |  2.6

Action                     |  1- 3 |  4- 6 || total
---------------------------+-------+-------++-------
  Melee: Flail             |    75 |       ||    75
         Headbutt          |    18 |    10 ||    28
         Whip              |    29 |    95 ||   124
         Punch             |       |     1 ||     1
  Throw: Stone             |       |     3 ||     3
 Invoke: Stomp             |       |     2 ||     2
    Use: Scroll            |     3 |     7 ||    10
         Potion            |       |     1 ||     1
 Armour: Ring mail         |    63 |    37 ||   100
  Dodge: Dodged            |    83 |    64 ||   147

Table legend: (Time is in decaauts)
 A = Elapsed time spent in this place.
 B = Non-inter-level travel time spent in this place.
 C = Inter-level travel time spent in this place.
 D = Time resting spent in this place.
 E = Time spent auto-exploring this place.
 F = Levels seen in this place.
 G = Mean time per level.
                   A        B        C        D        E       F      G
               +--------+--------+--------+--------+--------+-----+--------+
         Total |   2001 |   1935 |     66 |    119 |   1074 |   5 |  400.2 |
       Dungeon |   2001 |   1935 |     66 |    119 |   1074 |   5 |  400.2 |
               +--------+--------+--------+--------+--------+-----+--------+

Top non-repeatable levels by time:
     D:2: 777 daAuts
     D:1: 629 daAuts
     D:3: 568 daAuts
     D:6: 19 daAuts
     D:7: 6 daAuts
